[Event "37th ECCC 2022"]
[Site "Mayrhofen"]
[Date "2022.10.04"]
[Round "2.6"]
[White "Csonka, Attila Istvan"]
[Black "Lupulescu, Constantin"]
[Result "0-1"]
[ECO "B56"]
[WhiteElo "2314"]
[BlackElo "2603"]
[Annotator "TA"]
[PlyCount "94"]
[EventDate "2022.10.03"]
[EventType "team-tourn"]
[EventCountry "AUT"]
[SourceTitle "playchess.com"]
[Source "ChessBase"]
[SourceQuality "1"]
[TimeControl "40/5400+30:1800+30"]

1. e4 c5 2. Nf3 Nc6 3. d4 cxd4 4. Nxd4 Nf6 5. Nc3 d6 6. g3 g6 7. Bg2 $1 {[%emt 0:00:41] 7.Bg2 scores better than 7.Nde2.} Bg4 {[%emt 0:03:47] B70: Sicilian Dragon: 6 g3 and 6 Be2 (without a later Be3).} 8. Nxc6 bxc6 9. Qd3 Qc8 {[%emt 0:07:29] The position is equal.} 10. e5 dxe5 11. Qc4 Bd7 {[%emt 0:05:54] [#]} 12. b3 $146 ({Predecessor:} 12. O-O Bg7 13. Re1 O-O 14. Rxe5 Be6 15. Qxc6 Qxc6 16. Bxc6 Rac8 17. Bg2 Ng4 18. Re2 Bxc3 19. bxc3 Rxc3 20. Bb2 Rc4 21. Rd1 Nf6 22. Red2 Bf5 23. Bd4 {½-½ (23) De la Riva Aguado,J (2245)-Colls Gelaberto,E (2147) Catalunya 2014}) 12... Bg7 13. Ba3 O-O (13... Qc7 $5 ) 14. Bxe7 Re8 15. Bxf6 Bxf6 16. Ne4 Be7 17. Nc5 $36 {[%emt 0:01:23][%mdl 2048] White fights for an advantage.} Bxc5 18. Qxc5 Qa6 $1 19. O-O-O Bg4 20. f3 $1 ({Avoid the trap} 20. Bxc6 $2 Rac8 21. Rd6 Qxa2 $19) 20... Bf5 21. a4 Rad8 (21... Qb6 $1 $11 22. Qxb6 axb6) 22. Rxd8 $14 Rxd8 23. Rd1 (23. Re1 $5 ) 23... Rd5 24. Rxd5 (24. Qe3 $5 ) 24... cxd5 25. Qxd5 {[%emt 0:00:17][%mdl 4096] Endgame KQB-KQB} Qb6 $1 ({Much less strong is} 25... Qe2 26. Qd2 Qa6 27. g4 $16) 26. Qd1 {[%emt 0:09:04] Against Qg1} Qf2 27. g4 Bxg4 28. fxg4 Qxg2 $11 {[%emt 0:00:05] KQ-KQ} 29. h4 h6 {[%emt 0:01:58] Prevents g5.} 30. Qd8+ Kg7 31. g5 Qh1+ 32. Kb2 Qxh4 33. Qf6+ Kg8 34. Qd8+ (34. Qxe5 $11 {and White has nothing to worry.} hxg5 35. Qb8+ Kg7 36. Qxa7) 34... Kh7 $19 35. Qf8 $2 (35. Qd5 {only move.} Qf4 36. gxh6) 35... Qd4+ 36. Kb1 Qg1+ $2 ({Black should play} 36... hxg5 $19 {And now ...Qf4 would win.} 37. Qxf7+ Kh6) 37. Kb2 $1 $11 Qd4+ $2 (37... Qf2 $11 38. Qxh6+ Kg8) 38. Kb1 $1 $19 hxg5 39. Qxf7+ Kh6 {[%emt 0:00:07] [#] ...g4 is the strong threat.} 40. Qf8+ Kh5 41. Qh8+ Kg4 {[%emt 0:30:06] Threatens to win with ...Kg3.} 42. Qg7 $2 (42. Qh1 Qe3 43. Qg2+ Kf4 44. Qh2+ Kf5 45. Qh6) 42... Kf3 {[%emt 0:02:05] Strongly threatening ...g4. Black is clearly winning.} 43. Qxg6 g4 44. Qf7+ Kg2 {[%emt 0:02:24] [#] Hoping for ...g3.} 45. Qb7+ e4 {[%emt 0:01:29] aiming for ...Qd1+.} 46. b4 g3 47. a5 Kf1 {[%emt 0:01:56] Weighted Error Value: White=0.59/Black=0.18 (very precise)} 0-1

[Event "37th ECCC 2022"]
[Site "Mayrhofen"]
[Date "2022.10.04"]
[Round "2.7"]
[White "Pijpers, Arthur"]
[Black "Harikrishna, Pentala"]
[Result "1/2-1/2"]
[ECO "C95"]
[WhiteElo "2455"]
[BlackElo "2717"]
[Annotator "TA"]
[PlyCount "72"]
[EventDate "2022.10.03"]
[EventType "team-tourn"]
[EventCountry "AUT"]
[SourceTitle "playchess.com"]
[Source "ChessBase"]
[SourceQuality "1"]
[TimeControl "40/5400+30:1800+30"]

1. e4 e5 2. Nf3 Nc6 3. Bb5 a6 4. Ba4 Nf6 5. O-O Be7 6. Re1 b5 7. Bb3 d6 8. c3 O-O 9. h3 Nb8 10. d4 Nbd7 11. c4 c6 12. Nc3 b4 {[%emt 0:00:57] C95: Closed Ruy Lopez: Breyer Variation with 10 d4.} 13. Ne2 $1 {[%emt 0:00:05][%mdl 4] is now more promising than 13.Na4.} Nxe4 14. Qc2 Nef6 15. Ng3 {[%emt 0:00:39] Inhibits e4.} (15. c5 {feels hotter.} e4 16. cxd6 Bxd6 17. Ng5) 15... c5 $1 16. dxe5 Nxe5 17. Nxe5 dxe5 18. Rxe5 Bd6 19. Re2 Qc7 20. Bg5 Bxg3 21. fxg3 Qxg3 22. Bxf6 gxf6 23. Rf1 {[%emt 0:00:03] [#]} Qg5 $146 ({Predecessor:} 23... Qg6 24. Re3 Qxc2 25. Bxc2 Be6 26. Rg3+ Kh8 27. Bxh7 {1-0 (27) Oparin,G (2654)-Amin,B (2699) Douglas 2019}) 24. Qe4 (24. Qd3 $14) 24... Be6 (24... Bxh3 $1 $11 {keeps the balance.} 25. Bc2 Qg7) 25. Bc2 $16 {[%emt 0:06:37][%csl Gc2][%cal Re4h7] [#] White is more active.} f5 26. Qf4 Qxf4 27. Rxf4 Rfe8 28. Bxf5 {[%emt 0:00:34] The position is equal.} Bxf5 29. Rxe8+ Rxe8 30. Rxf5 $11 {[%emt 0:00:02][%mdl 4096] Endgame KR-KR} Re1+ 31. Kh2 Ra1 32. a3 ({Of course not} 32. Rxc5 Rxa2 33. Rc6 a5 $15) 32... bxa3 33. bxa3 Rxa3 34. Rxc5 Kg7 35. Rc6 f5 36. c5 Rc3 {[%emt 0:03:47] Weighted Error Value: White=0.09 (flawless) /Black=0.11 (very precise)} 1/2-1/2

[Event "37th ECCC 2022"]
[Site "Mayrhofen"]
[Date "2022.10.04"]
[Round "2.8"]
[White "Vidit, Santosh Gujrathi"]
[Black "Jens, Jelmer"]
[Result "1-0"]
[ECO "A80"]
[WhiteElo "2710"]
[BlackElo "2410"]
[Annotator "TA"]
[PlyCount "139"]
[EventDate "2022.10.03"]
[EventType "team-tourn"]
[EventCountry "AUT"]
[SourceTitle "playchess.com"]
[Source "ChessBase"]
[SourceQuality "1"]
[TimeControl "40/5400+30:1800+30"]

1. d4 f5 2. Bg5 g6 3. Nc3 Bg7 4. Nf3 Nf6 5. e3 d6 6. Bc4 {[%emt 0:00:40] A80: Dutch Defence: Unusual White second moves.} Nc6 {[%emt 0:15:10] [#]} 7. O-O $146 ({Predecessor:} 7. Qe2 h6 8. Bh4 g5 9. Bg3 e6 10. h4 g4 11. Nd2 Nh5 12. O-O-O Nxg3 13. fxg3 {0-1 (51) Sowray,P (2368)-Cherniaev,A (2432) Crawley 2013}) 7... Na5 8. Bd3 {[%emt 0:02:16] White is slightly better.} O-O 9. Qe2 $1 h6 10. Bxf6 Bxf6 11. e4 e6 {[%emt 0:01:12] Prevents Nd5.} 12. Rad1 Bg7 13. Rfe1 Bd7 14. exf5 gxf5 15. Qd2 Nc6 16. Bc4 d5 17. Bb5 Ne7 18. Bxd7 Qxd7 19. Ne2 {[%emt 0:05:31] Hoping for Nf4.} Ng6 20. h4 Rfe8 21. h5 Nf8 22. Nf4 $36 {[%emt 0:00:07][%mdl 2048] Keeping Black busy.} Nh7 23. Ne5 Bxe5 (23... Qe7 $16) 24. Rxe5 $18 (24. dxe5 Ng5 $14) 24... Ng5 25. Rde1 c6 26. Qe3 Kf7 27. Qd3 (27. Qg3 Kf8 28. Qe3 Kf7) 27... Ne4 (27... Kg8 $142 28. Qe3 Kf7) 28. f3 Ng5 {[%emt 0:01:44] [#]} 29. c4 (29. Nxe6 $1 $18 {[%mdl 512] is the precise move to win.} Rxe6 30. Qxf5+ Ke7 31. Qg6) 29... dxc4 $16 30. Qxc4 Kf6 (30... b5 $16 {was called for.} 31. Qc3 Rad8) 31. Qc3 Kf7 32. Qc4 {[%emt 0:06:49] Strongly threatening Rxf5+.} Kf6 33. Ng6 (33. Nd3 $1 $18 {[%cal Rd3c5] and White stays clearly on top.}) 33... Rad8 $2 (33... Kg7 $16) 34. Rd1 $2 (34. d5 $1 $18 Kg7 35. dxe6 Qd4+ 36. Qxd4 Rxd4 37. e7 (37. Rxf5 Rxe6 38. Ne5 Re7 $16)) 34... Nf7 {[%emt 0:00:35] [#]} 35. Qc3 $1 {[%emt 0:00:43][%cal Od4d5] Threatens to win with d5! The board is on fire.} Kg7 36. Re2 {[%emt 0:02:13] aiming for d5+.} Kh7 37. b4 Qd6 38. a3 Qg3 {[%emt 0:00:18] [#]} 39. Qe1 ({White should try} 39. Rd3 $1 $16) 39... Qd6 40. f4 Qd7 41. Rd3 Nd6 42. a4 ({Better is} 42. Ne5 $16 Qc7 43. a4 (43. Qg3 Rg8 $11)) 42... Nc4 43. Qh4 (43. a5 $16) 43... Qf7 $11 44. b5 cxb5 45. axb5 Nd6 46. Rb2 Qg7 47. Kh2 Ne4 48. Rc2 Nf6 ({Resist} 48... Rxd4 49. Rxd4 Qxd4 50. Rc7+ Kg8 51. Ne7+ Kf8 52. Ng6+ Kg8 53. Ne7+ Kf8 54. Rxb7 $16) 49. Ne5 Rg8 50. Rdc3 {[%emt 0:01:28] Active counter play!} Nd5 {[%emt 0:02:28] Inhibits Rc7.} 51. Rg3 Qxg3+ 52. Qxg3 Rxg3 53. Kxg3 {[%emt 0:00:02][%mdl 4096] Endgame KRN-KRN} Ra8 54. Nd7 a5 {[%emt 0:01:21] ...a4 is the strong threat.} 55. bxa6 $1 Rxa6 56. Rb2 Ra3+ 57. Kf2 Nxf4 58. Rxb7 {[%emt 0:00:13] White wants to mate with Nf6+.} Kg8 59. Nf6+ Kf8 60. Rh7 Ra2+ 61. Kf3 Nxg2 62. Nd7+ Ke8 63. Nc5 Ne1+ 64. Kf4 {[%emt 0:00:06] And now Ke5 would win.} Re2 $1 65. Rxh6 Kf7 $2 {[%emt 0:00:08] [#]} (65... Ke7 $1 $11 {and Black has nothing to worry.}) 66. Rh7+ $1 $18 Kg8 67. Rd7 {[%emt 0:01:39] Black must now prevent Kg5.} Rc2 $2 (67... Nc2 $16) 68. Nxe6 Rh2 69. Kxf5 (69. Kg5 $142 Rb2 70. d5 Nd3 71. Kf6 Rg2 72. d6 Rg4 73. Re7 Nf4 74. Re8+ Kh7 75. Ng5+ Rxg5 76. Kxg5) 69... Rxh5+ 70. Kg6 {[%emt 0:00:05] Weighted Error Value: White=0.33/Black=0.21 (precise)} 1-0

[Event "37th ECCC 2022"]
[Site "Mayrhofen"]
[Date "2022.10.04"]
[Round "2.9"]
[White "Van der Werf, Mark"]
[Black "Wojtaszek, Radoslaw"]
[Result "1/2-1/2"]
[ECO "E54"]
[WhiteElo "2399"]
[BlackElo "2693"]
[Annotator "TA"]
[PlyCount "70"]
[EventDate "2022.10.03"]
[EventType "team-tourn"]
[EventCountry "AUT"]
[SourceTitle "playchess.com"]
[Source "ChessBase"]
[SourceQuality "1"]
[TimeControl "40/5400+30:1800+30"]

1. d4 Nf6 2. c4 e6 3. Nc3 Bb4 4. e3 O-O 5. Bd3 d5 6. Nf3 dxc4 7. Bxc4 c5 8. O-O Nc6 9. Ne2 {[%emt 0:07:39] E54: Nimzo-Indian: Rubinstein: Main Line: 7...dxc4 8 Bxc4.} (9. a3 {with more complications.} Ba5 10. h3 cxd4 11. exd4 h6 12. Be3) 9... cxd4 10. Nexd4 (10. a3 {looks sharper.} Bd6 11. Nexd4 Bd7 12. b4) 10... Nxd4 11. Qxd4 Qxd4 12. Nxd4 Bd7 13. a3 Bc5 {[%emt 0:01:07] [#]} 14. Rd1 $146 ({Predecessor:} 14. Nb3 Bb6 15. Bd2 Rfc8 16. Rfc1 Ba4 17. Na5 Rc7 18. Bf1 Ne4 19. Bb4 Rac8 20. Rxc7 Rxc7 {½-½ (58) Sertic,R (2341)-Cvitan,O (2534) Bol 2014}) 14... Rfd8 15. b3 Rac8 16. Bb2 Kf8 17. Rac1 Ke7 18. h3 Ne4 19. Bd3 Nf6 20. Be2 Bd6 {[%emt 0:06:41] The position is equal.} 21. Nb5 Bxb5 22. Bxb5 Rxc1 23. Rxc1 g6 24. Be2 Ne4 25. Rd1 Rc8 26. Rc1 {[%emt 0:01:17] Against Rc2} Rxc1+ 27. Bxc1 $11 {[%emt 0:00:06][%mdl 4096] Endgame KBB-KBN} Be5 28. a4 b6 29. Bc4 Bc3 30. f3 Nd2 31. Bxd2 Bxd2 32. Kf2 Kd6 33. Ke2 Bc1 34. f4 h5 35. g4 hxg4 {[%emt 0:00:17] A balanced but interesting game.  Weighted Error Value: White=0.03 (flawless) /Black=0.03 (flawless)} 1/2-1/2

[Event "37th ECCC 2022"]
[Site "Mayrhofen"]
[Date "2022.10.04"]
[Round "2.10"]
[White "Nguyen, Thai Dai Van"]
[Black "Willemze, Thomas"]
[Result "1-0"]
[ECO "B31"]
[WhiteElo "2634"]
[BlackElo "2367"]
[Annotator "TA"]
[PlyCount "117"]
[EventDate "2022.10.03"]
[EventType "team-tourn"]
[EventCountry "AUT"]
[SourceTitle "playchess.com"]
[Source "ChessBase"]
[SourceQuality "1"]
[TimeControl "40/5400+30:1800+30"]

1. e4 c5 2. Nf3 Nc6 3. Bb5 g6 4. O-O Bg7 5. Bxc6 dxc6 6. d3 Nf6 7. Re1 O-O 8. h3 Ne8 {[%emt 0:01:34] B31: Sicilian: 2...Nc6 3 Bb5 g6.} 9. e5 Nc7 10. Nbd2 b6 {[%emt 0:02:04] The position is equal.} 11. a4 Ne6 12. Nc4 Rb8 {[%emt 0:08:06] [#]} 13. b3 $146 ({Predecessor:} 13. Ng5 Nd4 14. Bf4 Ra8 15. Ne4 h6 16. a5 Ba6 17. Ncd2 Qd7 18. Bh2 Kh7 19. Nf3 Ne6 20. Qe2 Bb7 21. Ned2 Rad8 22. axb6 {½-½ (22) Allan,D (2298)-Yanofsky,D (2346) Fredericton 1977}) 13... h6 14. Bd2 Nd4 15. Nxd4 cxd4 16. Qc1 Kh7 17. Re4 Qd5 18. Rh4 h5 19. Re4 Bf5 20. Re2 b5 21. Na5 Rbc8 22. Qe1 a6 23. Bg5 f6 $40 {[%emt 0:02:30][%mdl 128] White needs to defend precisely.} 24. Bf4 g5 25. Bh2 g4 26. h4 Rg8 (26... c5 $11) 27. Qd2 $2 (27. b4 $14 {keeps the upper hand.}) 27... g3 $1 $17 28. Bxg3 Bh6 29. Qe1 Bg4 $1 {[%emt 0:01:25] And now ...f5 would win.} 30. exf6 ({But not} 30. f3 $2 Bxf3 $1 31. gxf3 Qxf3 $19) (30. Rd2 $17 {was called for.}) 30... Bxe2 $19 31. Qxe2 exf6 32. Qe7+ Kg6 33. Qa7 Bd2 34. Nb7 Bc3 35. Rf1 bxa4 (35... Ra8 $19 36. Qb6 Bb4) 36. bxa4 Ra8 37. Qb6 Rg7 38. Nc5 f5 39. Bf4 (39. Be5 $17 Re7 40. Bg3) 39... Kh7 40. Bg5 {[%emt 0:00:27] [#]} a5 $1 41. Na6 {[%emt 0:11:42] Strongly threatening Nc7.} Qd6 {[%emt 0:02:25] Prevents Nc7.} 42. Rb1 Re8 43. Qc5 Qxc5 44. Nxc5 Bb4 45. Nb3 c5 46. Kf1 Rg6 47. Bd2 Reg8 ({Black should try} 47... Rc8 $17 {Hoping for ...c4.} 48. Bxb4 axb4) 48. Bxb4 $11 cxb4 49. Nxa5 {[%emt 0:00:12][%mdl 4096] Endgame KRR-KRN} Ra6 50. Nb3 Rxa4 51. Nxd4 b3 52. c3 Rb8 53. Rxb3 Rxb3 54. Nxb3 {[%emt 0:00:04] KR-KN} Ra3 55. Nd4 Rxc3 56. Ke2 Kg6 57. Ne6 Kf6 58. Nf4 {[%emt 0:00:06] White wants to mate with Nd5+.} Ke5 {[%emt 0:00:09] Against Nd5} 59. Ke3 {[%emt 0:00:28] Whites escaped into a draw.  Weighted Error Value: White=0.18 (very precise) /Black=0.14 (very precise)} 1-0

[Event "37th ECCC 2022"]
[Site "Mayrhofen"]
[Date "2022.10.04"]
[Round "2.11"]
[White "Piceu, Tom"]
[Black "Grandelius, Nils"]
[Result "0-1"]
[ECO "D04"]
[WhiteElo "2324"]
[BlackElo "2651"]
[Annotator "TA"]
[PlyCount "114"]
[EventDate "2022.10.03"]
[EventType "team-tourn"]
[EventCountry "AUT"]
[SourceTitle "playchess.com"]
[Source "ChessBase"]
[SourceQuality "1"]
[TimeControl "40/5400+30:1800+30"]

1. d4 Nf6 2. Nf3 d5 3. e3 c5 4. Be2 cxd4 5. exd4 Nc6 6. O-O Bf5 7. c3 {[%emt 0:04:34] B13: Caro-Kann: Exchange Variation and Panov-Botvinnik Attack.} Qc7 {[%emt 0:02:35] [#]} 8. Bd3 $146 ({Predecessor:} 8. Nh4 Bg6 9. f4 e6 10. Nf3 Bd6 11. Ne5 O-O 12. Nd2 Rab8 13. a4 a6 14. Ndf3 Be4 {0-1 (48) Teixeira,J (1785)-Rocha,M (1800) Cuiaba 2021}) 8... Bxd3 9. Qxd3 {[%emt 0:00:04] The position is equal.} e6 10. Bg5 Ne4 11. Bh4 Bd6 12. Bg3 Nxg3 13. hxg3 O-O-O 14. a4 h5 15. Na3 Bxa3 16. Rxa3 Na5 17. Ne5 Kb8 18. Re1 Rh6 19. b4 Nc4 20. Nxc4 dxc4 21. Qe4 Rd5 22. Ra2 Kc8 23. Rae2 Qd7 24. a5 a6 25. Re3 Rf6 26. Qh7 g6 27. Re5 (27. f3 $5 ) 27... Rf5 28. f4 Rdxe5 29. Rxe5 Rxe5 30. Qh8+ Kc7 $1 31. Qxe5+ $11 {[%emt 0:00:05][%mdl 4096] Endgame KQ-KQ} Qd6 (31... Kd8 $1 $11 {keeps the balance.}) 32. Qf6 ({White should try} 32. Qc5+ $1 $16 Qxc5 33. dxc5) 32... Qd7 $14 33. Kf2 (33. Kh2 $16) 33... Kc6 $11 {[%emt 0:00:56] Hoping for ...Kb5.} 34. Qe5 Qd5 35. Qb8 Kd7 36. Qf8 Qf5 37. Kg1 h4 38. gxh4 Qxf4 39. Qa8 Qe4 40. g3 Ke7 41. Qc8 Qe3+ 42. Kh2 Qxc3 43. Qxb7+ Kf6 44. Qxa6 Qc2+ 45. Kg1 $2 (45. Kh3 $11) 45... Qd1+ $1 $19 46. Kf2 Qxd4+ $2 (46... c3 $1 $19 {[%cal Rc3c2] is more deadly. ( -> ...c2)} 47. Qe2 c2 48. Qe5+ Ke7 49. Qg5+ Kd7 50. Qb5+ Kd8 51. Qg5+ Ke8) 47. Ke1 $2 (47. Kg2 $17) 47... c3 48. Qf1+ Kg7 $1 49. Qf4 Qg1+ 50. Ke2 c2 51. Qe5+ Kh7 52. Qf4 {[%emt 0:00:02] [#]} Qd1+ $1 53. Kf2 Kg8 54. Qb8+ {[%emt 0:00:07] [#]} Kg7 $1 55. Qe5+ Kh7 56. Qf4 $1 c1=Q 57. Qxf7+ Kh6 {[%emt 0:00:04] Weighted Error Value: White=0.35/Black=0.24 (precise)} 0-1

[Event "37th ECCC 2022"]
[Site "Mayrhofen"]
[Date "2022.10.04"]
[Round "2.12"]
[White "Anton Guijarro, David"]
[Black "Wiersma, Eelke"]
[Result "1-0"]
[ECO "A11"]
[WhiteElo "2655"]
[BlackElo "2299"]
[Annotator "TA"]
[PlyCount "125"]
[EventDate "2022.10.03"]
[EventType "team-tourn"]
[EventCountry "AUT"]
[SourceTitle "playchess.com"]
[Source "ChessBase"]
[SourceQuality "1"]
[TimeControl "40/5400+30:1800+30"]

1. c4 c6 2. Nf3 d5 3. e3 Nf6 4. Nc3 e6 5. b3 Nbd7 6. Qc2 Bd6 7. Bb2 O-O 8. Be2 Qe7 {A11: English Opening: 1...c6.} 9. O-O e5 10. cxd5 Nxd5 {[%emt 0:00:11] The position is equal.} 11. Ne4 Bc7 12. Ng3 Re8 13. a3 Nf8 {[%emt 0:08:22][%cal Bd7f8,Bf8g6,Bg6h4][%mdl 32] [#]} 14. b4 $146 ({Predecessor:} 14. d3 Bd7 15. Rfe1 Rad8 16. Rac1 a6 17. Rcd1 Bc8 18. Qc4 Ng6 19. b4 Kh8 20. Bf1 {½-½ (26) Terentiev,V (2393)-Svirin,O (2366) Smolensk 2000}) 14... a6 {[%emt 0:00:59] Prevents b5.} 15. Rac1 Ng6 16. Qb1 Bg4 17. h3 Bd7 18. Bc4 Bb8 19. Bb3 e4 20. Nd4 Nh4 21. Bc2 f5 22. Bb3 Kh8 (22... Qf7 $11) 23. Bxd5 $16 cxd5 24. Rc5 (24. Qa2 $1 $16) 24... Be6 (24... b6 $11 25. Nc6 (25. Rxd5 Qf7 $15) 25... Qf7 26. Nxb8 Bb5 27. Rxb5 Raxb8) 25. Qd1 ({Don't play} 25. Nxe6 Qxe6 26. Qd1 Bd6 $11) ({Better is} 25. Qa1 $16) 25... Bd6 $11 26. Nxe6 Qxe6 27. Qh5 (27. Rc2 $11) 27... Bxc5 $15 28. bxc5 Qe7 29. Nxf5 {[%emt 0:07:06] Really sharp!} Nxf5 30. Qxf5 Rad8 (30... Qxc5 $15 {should be considered.} 31. Qf7 Qf8 32. Qxd5 Rad8) 31. Bd4 $11 Qd7 32. Qh5 Rf8 33. Rb1 Rc8 34. Qg4 Rf7 35. Qxd7 Rxd7 $15 {[%emt 0:00:08][%mdl 4096] Endgame KRR-KRB} 36. f4 exf3 37. gxf3 Rc6 38. f4 Kg8 39. Kg2 Rf7 40. d3 Rg6+ 41. Kf3 Rh6 42. Rh1 g5 43. Be5 gxf4 44. exf4 Kf8 45. h4 Rh5 {[%emt 0:07:44] [#]} (45... Rg6 $11 {keeps the balance.}) 46. Kg4 $1 $16 {[%emt 0:00:00][%mdl 1024] White has strong compensation.} Rhf5 {[%emt 0:01:14] [#]} (46... Rh6 $1 $14) 47. h5 $1 $18 Ke8 48. Rb1 Kd8 49. Rb6 Kc8 (49... a5 $16 50. c6 bxc6) 50. Rd6 $2 ({White should play} 50. c6 $18 bxc6 51. Rxc6+ Kb7 52. Rd6) 50... Rf8 $11 51. Rxd5 R8f7 $2 (51... R5f7 $1 $11 {and Black stays safe.}) 52. Rd6 $18 {[%emt 0:00:00] Hoping for Rh6.} Rf8 53. d4 {[%emt 0:00:05][%cal Bd3d4,Bd4d5,Bd5c6][%mdl 32] White is more active.} R8f7 $2 (53... R5f7 $16) 54. Rh6 Kd7 55. d5 Kc8 56. Rb6 Rf8 57. c6 bxc6 58. dxc6 Rxe5 59. fxe5 {[%emt 0:00:07][%cal Bf4e5,Be5e6,Be6e7][%mdl 32] KR-KR} Kc7 60. Rxa6 h6 61. e6 {[%emt 0:00:29] White mates.} Rf6 62. e7 Re6 63. Kf5 {[%emt 0:00:51] Weighted Error Value: White=0.15 (very precise) /Black=0.34} 1-0

[Event "37th ECCC 2022"]
[Site "Mayrhofen"]
[Date "2022.10.04"]
[Round "2.13"]
[White "Esipenko, Andrey"]
[Black "Baldauf, Marco"]
[Result "1-0"]
[ECO "B41"]
[WhiteElo "2668"]
[BlackElo "2506"]
[Annotator "TA"]
[PlyCount "63"]
[EventDate "2022.10.03"]
[EventType "team-tourn"]
[EventCountry "AUT"]
[SourceTitle "playchess.com"]
[Source "ChessBase"]
[SourceQuality "1"]
[TimeControl "40/5400+30:1800+30"]

1. e4 c5 2. Nf3 e6 3. d4 cxd4 4. Nxd4 a6 5. a3 Qc7 6. c4 Nf6 7. Nc3 b6 8. f4 {[%emt 0:13:39] B41: Sicilian: Kan Variation: 5 c4.} d6 {[%emt 0:04:15] Prevents e5.} 9. Bd3 g6 10. Be3 {[%emt 0:03:04] White is slightly better.} Bg7 11. O-O {[%emt 0:02:03][%cal Oe4e5] e5! is the strong threat.} O-O 12. Rc1 Bb7 13. b4 Nbd7 14. Nb3 Rac8 15. Qe2 Qb8 {[%emt 0:03:47] [#]} 16. a4 $146 ({Predecessor:} 16. Kh1 Qa8 17. Nd2 Nh5 18. Na4 b5 19. cxb5 Rxc1 20. Rxc1 axb5 21. Bxb5 Ndf6 22. Nc4 Nxe4 {0-1 (43) Bernal Moro,L (2413)-Bruzon Batista,L (2643) Linares 2017}) 16... Ba8 17. Kh1 Rfe8 18. Bd2 h5 ({Black should try} 18... Nh5 $11) 19. h3 $14 Rc7 (19... Bb7 $11) 20. e5 $16 dxe5 21. fxe5 Nh7 {[%emt 0:00:05] [#]} (21... Nxe5 $16 {keeps fighting.} 22. Qxe5 Ne4) 22. Rxf7 $3 $18 Kxf7 {[%emt 0:00:06] [#]} 23. Bxg6+ $1 {[%emt 0:00:09][%mdl 64] Decoy} Kxg6 $2 (23... Kg8 {is a better defense.}) 24. Qd3+ {[%emt 0:00:08][%mdl 64] Skewer, Deflection} Kf7 25. Qxh7 {[%emt 0:00:07] Chess con chili.} Nxe5 $2 (25... Bxg2+ $2 26. Kxg2 Rf8 27. Bh6 $18) (25... Rh8 26. Rf1+ Ke8 27. Qxg7 Rf8 28. Qg6+ Kd8 29. Qg5+ (29. Rxf8+ Nxf8 30. Qg5+ Kd7 $16) 29... Kc8 30. Rxf8+ Nxf8) 26. Rf1+ Bf3 $2 (26... Nf3) 27. Bh6 {[%emt 0:02:04][%csl Gh6][%cal Rh7g7] White is clearly winning.} Rg8 28. Nd4 {[%emt 0:01:20][%mdl 64] Pin} Qf8 29. Nxf3 {[%emt 0:06:35] Pair of Knights!} Ke8 30. Bg5 ({Not} 30. Bxg7 Nxf3 31. Qe4 (31. Bxf8 Rxh7 32. Rxf3 Rxf8 $17) (31. Qxh5+ Qf7 $14) 31... Qf5 $16) 30... Nxf3 (30... Qf7 $142 31. Nd2 Bf6 32. Qxf7+ Rxf7 33. Bxf6 Nd7) 31. Rxf3 {[%emt 0:00:09] White wants to mate with Qg6+.} Rf7 32. Qe4 {[%emt 0:00:07] Weighted Error Value: White=0.32/Black=0.56} 1-0

[Event "37th ECCC 2022"]
[Site "Mayrhofen"]
[Date "2022.10.04"]
[Round "2.14"]
[White "Berchtenbreiter, Maximilian"]
[Black "Moussard, Jules"]
[Result "1/2-1/2"]
[ECO "B94"]
[WhiteElo "2509"]
[BlackElo "2686"]
[Annotator "TA"]
[PlyCount "64"]
[EventDate "2022.10.03"]
[EventType "team-tourn"]
[EventCountry "AUT"]
[SourceTitle "playchess.com"]
[Source "ChessBase"]
[SourceQuality "1"]
[TimeControl "40/5400+30:1800+30"]

1. e4 c5 2. Nf3 d6 3. d4 cxd4 4. Nxd4 Nf6 5. Nc3 a6 6. Bg5 Nbd7 7. f4 {[%emt 0:00:07] 7.Qe2 is the modern continuation.} Qc7 8. Qe2 {[%emt 0:01:46] B94: Sicilian Najdorf: 6 Bg5 Nbd7.} e5 9. Nf5 h6 10. Bxf6 Nxf6 11. g3 {[%emt 0:00:46] [#]} Bxf5 $146 ({Predecessor:} 11... d5 12. O-O-O d4 13. Nb1 exf4 14. Bg2 fxg3 15. e5 Bxf5 16. exf6+ Be6 17. Rxd4 Bc5 {0-1 (28) Naiditsch,A (2710)-Korobov,A (2715) Kiev 2013}) 12. exf5 O-O-O {[%emt 0:00:41][%cal Oe5e4] And now ...e4! would win.} 13. O-O-O exf4 14. Bg2 {[%emt 0:07:02] Prevents d5.} d5 15. Nxd5 Nxd5 16. Bxd5 fxg3 17. Qf3 {[%emt 0:00:04][%cal Od5b7] aiming for Bxb7+!} Bc5 18. hxg3 ({Much worse is} 18. f6 gxh2 19. fxg7 Rhg8 $11) 18... Kb8 19. Rd3 Rd6 20. Rb3 Rb6 21. Rxb6 Bxb6 22. Re1 Rd8 23. a3 Rd7 (23... Bf2 {keeps more tension.} 24. Rf1 Bxg3 25. Bxb7 Qf4+) 24. Kb1 Ka7 25. g4 Bc5 26. Ka2 Bxa3 27. bxa3 {[%emt 0:02:38] [#] c4 is the strong threat.} ({Much weaker is} 27. Qxa3 Rxd5 28. Qe3+ Qb6 $17) 27... Qxc2+ 28. Ka1 Rxd5 $1 {[%emt 0:00:36] The position is equal.} 29. Qxd5 {[%emt 0:00:02] White wants to mate with Qd4+.} Qc3+ 30. Ka2 Qc2+ 31. Ka1 {[%emt 0:00:10] [#] Threatening mate with Qd4+.} Qc3+ 32. Ka2 Qc2+ {Weighted Error Value: White=0.06 (flawless) /Black=0.16 (very precise)} 1/2-1/2